 Dungeon Crawl Stone Soup version 0.28.0-47-ge53b351184 (webtiles) character file.

Game seed: 16116444858646720487

2463 L33tCrusader the Fighter (level 9, -1/82 HPs)
             Began as a Purple Draconian Fighter on Apr 25, 2022.
             Was a Follower of Ru.
             Slain by a killer bee (2 damage)
             ... on level 8 of the Dungeon on Apr 26, 2022.
             The game lasted 00:21:38 (7127 turns).

L33tCrusader the Fighter (Purple Draconian Fighter) Turns: 7127, Time: 00:21:40

Health: -1/82      AC:  8    Str: 29    XL:     9   Next: 26%
Magic:  9/9        EV: 15    Int: 11    God:    Ru [*.....]
Gold:   436        SH: 11    Dex: 21    Spells: 8/8 levels left

rFire   . . .      SeeInvis .   g - +5 mace "Ziweg" {vorpal, Contam Int+2 Dex+5}
rCold   . . .      Faith    .   b - +0 buckler
rNeg    . . .      Spirit   .   (armour unavailable)
rPois   .          Reflect  +   (helmet restricted)
rElec   .          Harm     .   (no cloak)
rCorr   .          Rampage  .   (no gloves)
Will    +....                   k - +0 pair of boots
Stlth   ++........              n - amulet of reflection
HPRegen 0.23/turn               e - +6 ring of dexterity
MPRegen 0.11/turn               r - +6 ring of strength

@: lethally poisoned (-1 -> -9), horrified, studying Poison Magic
A: breathe power, AC +7, unfitting armour, cold-blooded, cowardly
a: Breathe Dispelling Energy, Renounce Religion


You were on level 8 of the Dungeon.
You worshipped Ru.
Ru was aware of your devotion.
You visited 2 branches of the dungeon, and saw 9 of its levels.

You collected 436 gold pieces.

Inventory:

Hand Weapons
 g - the +5 mace "Ziweg" (weapon) {vorpal, Contam Int+2 Dex+5}
   (You found it on level 2 of the Dungeon)

   It inflicts extra damage upon your enemies.
   Int:       It affects your intelligence (+2).
   Dex:       It affects your dexterity (+5).
   Contam:    It causes magical contamination when unequipped.
 v - a +0 shortbow
 z - a +1 vorpal morningstar
Missiles
 w - 76 arrows
Armour
 b - a +0 buckler (worn)
 k - a +0 pair of boots (worn)
Jewellery
 e - a +6 ring of dexterity (left hand)
 n - an amulet of reflection (around neck)
 r - a +6 ring of strength (right hand)
 x - a ring of fire
Wands
 t - a wand of flame (13)
Scrolls
 a - a scroll of fog {unknown}
 d - 4 scrolls of teleportation
 l - a scroll of immolation {unknown}
 m - a scroll of noise {unknown}
 p - a scroll of amnesia
 y - 2 scrolls of identify
 A - a scroll of vulnerability {unknown}
 B - a scroll of torment {unknown}
Potions
 c - a potion of might
 f - 2 potions of heal wounds
 h - 7 potions of curing
 i - a potion of mutation {unknown}
 j - a potion of flight
 o - a potion of cancellation {unknown}
 q - a potion of lignification {unknown}
 s - 2 potions of ambrosia
 u - a potion of degeneration {unknown}


   Skills:
 * Level 8.6 Fighting
 * Level 7.5 Maces & Flails
 + Level 5.3 Dodging
 + Level 5.9 Shields


You had 8 spell levels left.
You didn't know any spells.
Your spell library contained the following spells:

 Spells                   Type           Power      Damage    Failure   Level
 Magic Dart               Conj           0%         1d3       41%         1
 Call Imp                 Summ           0%         N/A       56%         2
 Sublimation of Blood     Necr           0%         N/A       56%         2
 Wereblood                Tmut           0%         N/A       56%         2
 Mephitic Cloud           Conj/Pois/Air  0%         N/A       80%         3
 Ozocubu's Armour         Ice            0%         N/A       80%         3
 Metabolic Englaciation   Hex/Ice        0%         N/A       100%        5
 Simulacrum               Ice/Necr       0%         N/A       100%        6
 Summon Hydra             Summ           0%         N/A       100%        7


Dungeon Overview and Level Annotations

Branches:
Dungeon (8/15)             Temple (1/1) D:7
   Lair: D:8-11

Altars:
Ashenzari
Cheibriados
Dithmenos
Elyvilon
Fedhas
Gozag
Hepliaklqana
Kikubaaqudgha
Makhleb
Nemelex Xobeh
Okawaru
Qazlal
Ru
Sif Muna
Trog
Uskayaw
Vehumet
Wu Jian
Xom
Yredelemnul
Zin
The Shining One

Shops:
D:4 *   D:7 [

Annotations:
D:5 2 runed translucent doors
D:6 2 transporters, Kziril's ghost, novice GrCA
D:8 2 transporters, CryoSword's ghost, novice DgFE


Innate Abilities, Weirdness & Mutations

You can breathe bolts of dispelling energy.
Your rich purple scales are hard. (AC +7)
You cannot fit into any form of body armour.
You are cold-blooded and may be slowed by cold attacks.
Your cowardice makes you less effective in combat with threatening foes.


Message History

You tail-slap the killer bee, but do no damage.
The killer bee is almost dead.
You feel sick. You block the killer bee's attack. The killer bee misses you.
The killer bee stings you but does no damage.
You block the killer bee's attack. The killer bee closely misses you. x2
The killer bee misses you. The killer bee stings you.
The killer bee misses you.
You closely miss the killer bee.
The killer bee is almost dead.
You feel sick. You block the killer bee's attack. The killer bee stings you.
The killer bee stings you!
* * * LOW HITPOINT WARNING * * *
The killer bee stings you but does no damage.
You block the killer bee's attack. x2
You hit the killer bee.
You kill the killer bee!
You feel sick. You block the killer bee's attack.
The killer bee stings you but does no damage.
You block the killer bee's attack. The killer bee misses you.
Okay, then.
You hit the killer bee.
The killer bee is moderately wounded.
You feel sick. The killer bee stings you.
* * * LOW HITPOINT WARNING * * *
You block the killer bee's attack. x2
The killer bee stings you but does no damage.
You hit the killer bee.
Your tail-slap misses the killer bee.
The killer bee is heavily wounded.
You feel sick. You block the killer bee's attack. x2
The killer bee misses you. The killer bee stings you.
* * * LOW HITPOINT WARNING * * *
You are lethally poisoned!
The killer bee poisons you!
You miss the killer bee.
The killer bee is heavily wounded.
* * * LOW HITPOINT WARNING * * *
You feel very sick.
The killer bee stings you but does no damage.
You block the killer bee's attack. x2; The killer bee stings you.
You die...

## ..# #.# #.# ###.#
## .... .. #y##.#.#
############y@†...#
........#.##.##.....#
........#.##.# .....
........#.##.##.....#
........'............
[.......#.##..#...#.#
##########.#.###.#
..# .
........##.........
...
....................
#.


You could see 2 killer bees.

Vanquished Creatures
  Edmund (D:6)
  3 water moccasins
  A black bear (D:6)
  An orc warrior (D:7)
  A necrophage (D:6)
  An ice beast (D:7)
  A sky beast (D:7)
  3 ogres
  4 centaurs
  A kobold brigand (D:7)
  A scorpion (D:5)
  A water moccasin skeleton (D:7)
  5 killer bees (D:8)
  4 wights (D:7)
  A howler monkey (D:5)
  A bullfrog zombie (D:5)
  A bullfrog skeleton (D:4)
  A hound (D:4)
  An orc priest (D:5)
  An iguana (D:7)
  An orc wizard (D:5)
  2 howler monkey zombies
  4 gnolls (D:4)
  2 howler monkey skeletons (D:4)
  9 adders
  2 shadow imps
  2 white imps
  An adder skeleton (D:4)
  2 worms
  9 orcs
  5 endoplasms
  6 giant cockroaches
  10 goblins
  10 hobgoblins
  15 kobolds
  7 quokkas
  6 ball pythons
  3 bats
  7 frilled lizards
  7 rats
144 creatures vanquished.

Notes
Turn   | Place    | Note
-------+----------+-------------------------------------------
     0 | D:1      | L33tCrusader the Draconian Fighter began the quest for the
                  | Orb.
     0 | D:1      | Reached XP level 1. HP: 19/19 MP: 1/1
    60 | D:1      | Reached XP level 2. HP: 12/26 MP: 2/2
   781 | D:2      | Reached XP level 3. HP: 30/33 MP: 3/3
   784 | D:2      | Identified the +5 mace "Ziweg" {vorpal, Contam Int+2 Dex+5}
   958 | D:2      | Found a faded altar of an unknown god.
  1035 | D:2      | Found a basalt altar of Yredelemnul.
  1871 | D:3      | Reached skill level 4 in Fighting
  1961 | D:3      | Reached XP level 4. HP: 40/40 MP: 4/4
  2480 | D:4      | Reached XP level 5. HP: 43/47 MP: 5/5
  2616 | D:4      | Found Adghevy's Assorted Antiques.
  3332 | D:5      | Entered Level 5 of the Dungeon
  3334 | D:5      | Reached skill level 5 in Fighting
  3334 | D:5      | Reached XP level 6. HP: 56/56 MP: 6/6
  3622 | D:5      | Found a sacrificial altar of Ru.
  3627 | D:5      | Became a worshipper of Ru the Awakened
  3821 | D:5      | Your scales start taking on a rich purple colour.
  3821 | D:5      | Reached XP level 7. HP: 59/62 MP: 7/7
  3849 | D:5      | Found a runed translucent door.
  4009 | D:5      | Found a runed translucent door.
  4009 | D:5      | Noticed a vampire mosquito
  4009 | D:5      | Noticed a vampire mosquito
  4244 | D:6      | Noticed Edmund
  4253 | D:6      | Killed Edmund
  4254 | D:6      | Reached skill level 6 in Fighting
  4254 | D:6      | Reached skill level 5 in Maces & Flails
  4668 | D:6      | Reached XP level 8. HP: 71/71 MP: 8/8
  4755 | D:6      | Found a transporter.
  4757 | D:6      | Noticed Kziril's ghost (novice GrCA)
  4759 | D:6      | Found a transporter.
  4760 | D:6      | Identified the +9 giant club of Untruth {venom, *Noise
                  | Fragile rElec Str+4}
  4760 | D:6      | Identified the +1 great mace "Qeeg" {flame, Drain Dex+9}
  4760 | D:6      | Noticed a two-headed ogre
  5168 | D:7      | Reached skill level 5 in Shields
  5297 | D:7      | Reached skill level 7 in Fighting
  5554 | D:7      | Found a staircase to the Ecumenical Temple.
  5845 | D:7      | Reached skill level 5 in Dodging
  6009 | D:7      | Reached skill level 8 in Fighting
  6036 | D:7      | Found Fappun's Armour Shop.
  6670 | Temple   | Entered the Ecumenical Temple
  6780 | D:8      | Found a bloodstained altar of Trog.
  6782 | D:8      | Noticed CryoSword's ghost (novice DgFE)
  6785 | D:8      | Noticed a two-headed ogre
  6789 | D:8      | Found a transporter.
  6798 | D:8      | Found a transporter.
  6822 | D:8      | Reached XP level 9. HP: 77/81 MP: 9/9
  6822 | D:8      | Gained mutation: Your cowardice makes you less effective in
                  | combat with threatening foes. [Ru sacrifice]
  6822 | D:8      | Reached * piety under Ru
  6847 | D:8      | Noticed a moth of wrath
  7126 | D:8      | HP: 4/82 [killer bee (6)]
  7127 | D:8      | HP: 1/82 [poisoned by a killer bee]
  7127 | D:8      | Slain by a killer bee

Illustrated notes

Levels and vault maps discovered:
D:1:      saegor_arrival_simple_c, layout_basic
D:2:      layout_loops_corners, basic_altar,
          shapermc_ecumenical_altar_mp_highgroup
D:3:      layout_loops_ring, dk_noncrumbling_2
D:4:      minmay_spotlight, layout_basic, serial_shops,
          nicolae_inconvenience_store, chequers_mini_garden
D:5:      lemuel_insect_pit, layout_basic, kennysheep_little_box
D:6:      layout_basic, gammafunk_ghost_smash, nrook_mini_backslash,
          minmay_manual_mandibuliform, uniq_edmund
D:7:      layout_layer_cave, temple_fountains, serial_shops,
          nicolae_take_the_stairs
D:8:      layout_basic, gammafunk_ghost_wrathful_warriors
Temple:   grunt_wide_crystal_templ

Skill      XL: |  1  2  3  4  5  6  7  8 |
---------------+-------------------------+-----
Dodging        | 3 4 5 |  5.3
Fighting       | 4 5 6 8 |  8.6
Maces & Flails | 3 4 5 7 |  7.5
Shields        | 4 5 |  5.9

Action                   |  1- 3 |  4- 6 |  7- 9 || total
-------------------------+-------+-------+-------++-------
Melee: Flail             |    65 |       |       ||    65
       Tailslap          |     7 |    11 |    36 ||    54
       Mace              |    47 |    89 |   172 ||   308
Throw: Throwing net      |       |       |     1 ||     1
Invok: Sacrifice Courage |       |       |     1 ||     1
  Use: Scroll            |     1 |     4 |     1 ||     6
 Stab: Sleeping          |     4 |     2 |     7 ||    13
       Distracted        |       |       |     1 ||     1
Armor: Skin              |    32 |    19 |    36 ||    87
Dodge: Dodged            |    64 |    46 |    88 ||   198
Block: Buckler           |    25 |    28 |   110 ||   163
       Reflection        |       |       |     5 ||     5
